[Event "EYCC 2017"]
[Site "Mamaia"]
[Date "2017.09.12"]
[Round "7"]
[White "Kharitonov, Egor"]
[Black "Borhy, Marcell"]
[Result "1/2-1/2"]
[ECO "D36"]
[WhiteElo "2387"]
[BlackElo "2178"]
[Annotator "ChessBase"]
[PlyCount "90"]
[EventDate "2017.??.??"]
[EventType "swiss"]
[EventCountry "ROU"]
[SourceTitle "playchess.com"]
[Source "ChessBase"]
[SourceQuality "1"]
[TimeControl "40/5400+30:1800+30"]

1. d4 d5 2. c4 e6 3. Nc3 Nf6 4. cxd5 exd5 5. Bg5 c6 6. Qc2 g6 7. e3 Bf5 8. Bd3 Bxd3 9. Qxd3 Nbd7 10. Nf3 Be7 11. O-O O-O 12. Rab1 a5 13. Qc2 b5 14. Ne2 Rc8 15. Nc1 Ne4 16. Bf4 f6 17. Nd2 Nxd2 18. Qxd2 Nb6 19. Qxa5 b4 20. Qa6 Nc4 21. Rd1 g5 22. Bg3 h5 23. h3 Qd7 24. Qa4 h4 25. Bh2 g4 26. Qc2 Rf7 27. hxg4 Qxg4 28. Qe2 Qe4 29. Qd3 f5 30. Ne2 Ra8 31. Qxe4 fxe4 32. Nc1 Bg5 33. b3 Bxe3 34. fxe3 Nxe3 35. Re1 Nc2 36. Rf1 Nxd4 37. Rxf7 Kxf7 38. Bd6 Rg8 39. Kh2 Nf5 40. Bxb4 d4 41. Ne2 d3 42. Nf4 Rd8 43. Rd1 Ne3 44. Re1 Ng4+ 45. Kg1 d2 1/2-1/2

[Event "EYCC 2017"]
[Site "Mamaia"]
[Date "2017.09.12"]
[Round "7"]
[White "Kucuksari, Kaan"]
[Black "Yeritsyan, Aram"]
[Result "0-1"]
[ECO "E11"]
[WhiteElo "2319"]
[BlackElo "2264"]
[Annotator "ChessBase"]
[PlyCount "84"]
[EventDate "2017.??.??"]
[EventType "swiss"]
[EventCountry "ROU"]
[SourceTitle "playchess.com"]
[Source "ChessBase"]
[SourceQuality "1"]
[TimeControl "40/5400+30:1800+30"]

1. d4 Nf6 2. Nf3 e6 3. c4 Bb4+ 4. Nbd2 b6 5. a3 Bxd2+ 6. Qxd2 Bb7 7. e3 d6 8. Be2 O-O 9. O-O Nbd7 10. b4 Ne4 11. Qc2 f5 12. Bb2 Ndf6 13. Ne1 Ng4 14. h3 Ngf6 15. Nd3 g5 16. Kh2 Ne8 17. f3 N4f6 18. a4 g4 19. fxg4 fxg4 20. Rf4 gxh3 21. gxh3 Be4 22. Raf1 Qe7 23. Bf3 Bxf3 24. R1xf3 Ng7 25. Qg2 Nfh5 26. Rg4 Rxf3 27. Qxf3 Rf8 28. Qg2 Nf6 29. Rg5 Kh8 30. Nf4 d5 31. Qg3 Nf5 32. Qg1 Qxb4 33. Nxe6 Qd6+ 34. Nf4 Ne4 35. Rg4 Nd2 36. Kh1 Nxc4 37. e4 Nxb2 38. exf5 Qf6 39. Ne6 Rc8 40. Rg7 Qxf5 41. Qe3 Re8 42. Rg5 Rxe6 0-1

[Event "EYCC 2017"]
[Site "Mamaia"]
[Date "2017.09.12"]
[Round "7"]
[White "Trimitzios, Petros"]
[Black "Kosakowski, Jakub"]
[Result "1-0"]
[ECO "E62"]
[WhiteElo "2191"]
[BlackElo "2332"]
[Annotator "ChessBase"]
[PlyCount "105"]
[EventDate "2017.??.??"]
[EventType "swiss"]
[EventCountry "ROU"]
[SourceTitle "playchess.com"]
[Source "ChessBase"]
[SourceQuality "1"]
[TimeControl "40/5400+30:1800+30"]

1. d4 Nf6 2. c4 g6 3. g3 Bg7 4. Bg2 O-O 5. Nf3 d6 6. O-O c6 7. Nc3 Bf5 8. Re1 Ne4 9. Nd2 Nxc3 10. bxc3 Na6 11. e4 Bd7 12. Nf1 Qa5 13. Bd2 e5 14. Ne3 Rfe8 15. c5 dxc5 16. Nc4 Qc7 17. Nxe5 Rad8 18. Bf4 g5 19. Bxg5 f6 20. Qb3+ c4 21. Qxc4+ Be6 22. d5 cxd5 23. exd5 fxg5 24. Qxc7 Nxc7 25. dxe6 Rxe6 26. Ng4 h5 27. Ne3 Bxc3 28. Red1 Rxd1+ 29. Rxd1 Re7 30. Bxb7 a5 31. Kg2 Bb4 32. h4 gxh4 33. Nf5 Re2 34. Nxh4 Ne6 35. Bf3 Rb2 36. Kf1 Bc5 37. Be2 Kg7 38. a4 Kf6 39. Rd5 Bb6 40. Rxh5 Nd4 41. Bb5 Ba7 42. Bd3 Nb3 43. Rf5+ Kg7 44. g4 Nc5 45. Bc4 Bb6 46. Rf7+ Kh6 47. f4 Ne4 48. Bd3 Rb4 49. Kg2 Rxa4 50. Kf3 Nd2+ 51. Kg3 Ne4+ 52. Bxe4 Bf2+ 53. Kh3 1-0

[Event "EYCC 2017"]
[Site "Mamaia"]
[Date "2017.09.12"]
[Round "7"]
[White "Muetsch, Annmarie"]
[Black "Grigoryan, Arpine"]
[Result "1-0"]
[ECO "C07"]
[WhiteElo "2137"]
[BlackElo "1865"]
[Annotator "NA"]
[PlyCount "113"]
[EventDate "2017.??.??"]
[EventType "swiss"]
[EventCountry "ROU"]
[SourceTitle "playchess.com"]
[Source "ChessBase"]
[SourceQuality "1"]
[TimeControl "40/5400+30:1800+30"]

1. e4 e6 2. d4 d5 3. Nd2 c5 4. exd5 Qxd5 5. dxc5 Bxc5 6. Ngf3 Nf6 7. Bc4 Qd8 8. Qe2 O-O 9. Nb3 Be7 10. Bd2 Nc6 11. O-O-O Qc7 12. Kb1 a6 13. Bd3 Nb4 14. Bxb4 Bxb4 15. Ne5 Nd5 16. Be4 Nf6 17. Bf3 a5 18. a4 Bd7 19. Nxd7 Nxd7 20. Qb5 Nc5 21. Nc1 Ra6 22. Qc4 Rb6 23. Ka2 Qe7 24. c3 Nxa4 25. Nd3 Nc5 26. cxb4 Nxd3 27. Rxd3 Rxb4 28. Qc3 Qe8 29. Kb1 Qb5 30. Rhd1 Qb6 31. Qd2 Qb5 32. Rd8 Qf5+ 33. Qc2 Qxc2+ 34. Kxc2 f5 35. R8d7 Rc8+ 36. Kb1 b5 37. Re7 a4 38. Rxe6 a3 39. Re2 Rc7 40. Ka2 axb2 41. Rxb2 Ra4+ 42. Kb1 Rca7 43. Rxb5 Ra1+ 44. Kc2 R1a2+ 45. Rb2 Rc7+ 46. Kb1 Rxb2+ 47. Kxb2 Kf7 48. Rd3 Kf6 49. Rc3 Ra7 50. Kc1 g5 51. Kd2 g4 52. Be2 Ra5 53. Bd3 h5 54. g3 Re5 55. Rc8 Kg5 56. Rg8+ Kh6 57. Rb8 1-0

[Event "EYCC 2017"]
[Site "Mamaia"]
[Date "2017.09.12"]
[Round "7"]
[White "Eizaguerri Floris, Maria"]
[Black "Guillo Longares, Cecilia"]
[Result "1/2-1/2"]
[ECO "B22"]
[WhiteElo "2098"]
[BlackElo "1810"]
[Annotator "NA RC"]
[PlyCount "128"]
[EventDate "2017.??.??"]
[EventType "swiss"]
[EventCountry "ROU"]
[SourceTitle "playchess.com"]
[Source "ChessBase"]
[SourceQuality "1"]
[TimeControl "40/5400+30:1800+30"]

1. e4 c5 2. c3 Nf6 3. e5 Nd5 4. Bc4 Nb6 5. Bb3 {[%emt 0:00:17] B22: Sicilian: 2 c3} d5 (5... c4 6. Bc2 Nc6 7. Nf3 Qc7 8. Qe2 g5 9. h3 Bg7 10. Na3 Nxe5 11. Nxg5 d5 12. Nb5 Qd7 13. f4 Nd3+ 14. Bxd3 cxd3 15. Qxd3 f6 16. Nf3 e5 {1-0 (52) Kovalenko,I (2659)-Salem,A (2638) Biel 2017}) 6. exd6 Qxd6 7. Na3 Bf5 8. Qf3 $146 ({Predecessor:} 8. d4 cxd4 9. Nf3 dxc3 10. Qxd6 exd6 11. Nb5 Na6 12. O-O O-O-O {0-1 (45) Lyell,M (2193)-Kiremitciyan,A (2191) Budapest 2016}) 8... Qe5+ 9. Ne2 e6 10. d4 cxd4 11. Bf4 Qe4 12. Qxe4 Bxe4 13. Nb5 Na6 14. f3 Bd5 15. Nexd4 Bc5 16. O-O-O O-O 17. Rhe1 Bxb3 18. Nxb3 Nd5 19. Nxc5 Nxf4 20. Nxb7 Nxg2 21. Re4 Rab8 {[%emt 0:06:11] [#]} 22. N5d6 $1 f5 23. Rxe6 $18 Nh4 24. f4 Ng6 25. Rd4 Nc7 26. Re1 Nh4 27. Re7 Ne8 28. Nc5 Ng6 29. Rxa7 Nxd6 30. Rxd6 Nxf4 31. Rdd7 Nh5 32. Ne6 Rfe8 33. Nxg7 Re1+ 34. Kd2 Rh1 35. Nxh5 Rxh2+ 36. Kd3 Rxh5 37. a4 Rh3+ 38. Kd4 f4 39. Rg7+ Kh8 40. Rgf7 f3 41. b4 Rd8+ 42. Ke3 Rc8 43. Rac7 Re8+ 44. Kf4 Rg8 45. Ke4 Re8+ 46. Kd5 Rd8+ 47. Rcd7 Rc8 48. c4 f2 49. Rxf2 Rd3+ 50. Ke6 Re3+ 51. Kd6 Rd3+ 52. Ke7 Re3+ 53. Kf7 Re4 54. Rc2 Rg8 55. Rdd2 Ree8 56. Kf6 Rgf8+ 57. Kg5 Re4 58. b5 h6+ 59. Kxh6 Rg8 60. Rd5 Rh4+ 61. Rh5 Rhg4 62. Rd5 Rh4+ 63. Rh5 Rhg4 64. Rd5 Rh4+ 1/2-1/2

[Event "EYCC 2017"]
[Site "Mamaia"]
[Date "2017.09.12"]
[Round "7"]
[White "Allahverdiyeva, Ayan"]
[Black "Lomaia, Diana"]
[Result "1-0"]
[ECO "B50"]
[WhiteElo "2042"]
[BlackElo "1753"]
[Annotator "NA RC"]
[PlyCount "127"]
[EventDate "2017.??.??"]
[EventType "swiss"]
[EventCountry "ROU"]
[SourceTitle "playchess.com"]
[Source "ChessBase"]
[SourceQuality "1"]
[TimeControl "40/5400+30:1800+30"]

1. e4 c5 2. Nf3 d6 3. c3 Nf6 4. Bd3 Nc6 5. Bc2 g6 6. O-O Bg7 7. d3 {[%emt 0:02:05] B50: Sicilian: 2...d6, Miscellaneous} (7. h3 O-O 8. d4 e5 9. dxc5 dxc5 10. Qe2 Qe7 11. Be3 b6 12. Nbd2 Nh5 13. Bb3 Nd8 14. Nc4 Ne6 15. Rfd1 Ba6 16. a4 Kh8 {1-0 (30) Mamedov,R (2636)-Lu,S (2516) Moscow 2012}) 7... O-O 8. Re1 Bg4 9. h3 Bxf3 10. Qxf3 Qc7 11. Be3 $146 ({Predecessor:} 11. Nd2 Rad8 12. Nf1 h6 13. Bf4 Nh5 14. Bh2 e5 15. Ne3 Ne7 16. Bb3 Kh7 17. g4 Nf6 {½-½ (30) Rasmussen,P-Lerch,R ICCF corr 1985}) 11... b5 12. Qd1 Rfc8 13. Nd2 Nd7 14. Rc1 a5 15. Nb1 Qb7 16. f4 b4 17. f5 Nde5 18. Rf1 Kh8 (18... a4 $5) 19. Qe2 Qa6 20. Bg5 $17 (20. fxg6 $11 fxg6 21. Rcd1) 20... f6 21. Be3 a4 22. c4 Nd4 23. Qd2 Qb6 24. Bd1 Kg8 25. Bg4 Nxg4 26. hxg4 Rf8 27. Kf2 Kf7 28. Rh1 Rh8 29. Rh3 a3 30. Bxd4 cxd4 31. b3 g5 32. e5 dxe5 33. Qe2 h6 34. Nd2 Qc6 35. Ne4 Rab8 36. Qf3 Rbc8 37. c5 Rc7 38. Rc4 Rb8 39. Rh1 Ke8 40. Qh3 Kf8 41. Rhc1 Qe8 42. Qh1 Qc6 43. Qh5 Qe8 44. c6 Qxh5 45. gxh5 Kf7 46. Nc5 Rxc6 47. Ne6 Rxc4 48. Rxc4 Bf8 49. Kf3 Bg7 50. g4 Bf8 51. Ke4 Bg7 52. Kd5 Bf8 53. Rc5 Bg7 54. Kc6 e4 55. dxe4 d3 56. Rd5 Rc8+ 57. Nc7 Rb8 58. Rxd3 Bf8 59. Rd7 Bg7 60. Ne6 Bf8 61. Rd8 Rxd8 62. Nxd8+ Ke8 63. Ne6 Kf7 64. Kd7 1-0

[Event "EYCC 2017"]
[Site "Mamaia"]
[Date "2017.09.12"]
[Round "7"]
[White "Lomandong Noela-Joyce"]
[Black "Kucharska, Honorata"]
[Result "1/2-1/2"]
[ECO "A05"]
[WhiteElo "2040"]
[BlackElo "1917"]
[Annotator "NA RC"]
[PlyCount "72"]
[EventDate "2017.??.??"]
[EventType "swiss"]
[EventCountry "ROU"]
[SourceTitle "playchess.com"]
[Source "ChessBase"]
[SourceQuality "1"]
[TimeControl "40/5400+30:1800+30"]

1. Nf3 Nf6 2. d4 d6 3. Bf4 Nbd7 4. h3 g6 5. e3 Bg7 6. Be2 O-O 7. O-O b6 8. c4 Bb7 9. Nc3 Re8 10. Rc1 e5 11. Bh2 exd4 12. exd4 Ne4 13. Nxe4 Bxe4 14. Qd2 Rb8 15. Bf4 Nf8 16. Bg5 Qd7 17. d5 f6 18. Be3 Bxf3 19. Bxf3 a5 20. a3 a4 21. Qb4 Ra8 22. Rfe1 f5 23. Kh1 h6 24. Qd2 Kh7 25. Rg1 g5 26. Bh5 Ng6 27. Rce1 f4 28. Bd4 Qf7 29. Bxg7 Kxg7 30. Qc3+ Qf6 31. Qc2 Rxe1 32. Rxe1 Ne5 33. Qe2 Rf8 34. Qe4 Ra8 35. Qe2 Rf8 36. Qe4 Ra8 1/2-1/2

[Event "EYCC 2017"]
[Site "Mamaia"]
[Date "2017.09.12"]
[Round "7"]
[White "Mironenko, Galina"]
[Black "Yakimova, Mariya"]
[Result "1-0"]
[ECO "E17"]
[WhiteElo "2035"]
[BlackElo "1736"]
[Annotator "NA RC"]
[PlyCount "79"]
[EventDate "2017.??.??"]
[EventType "swiss"]
[EventCountry "ROU"]
[SourceTitle "playchess.com"]
[Source "ChessBase"]
[SourceQuality "1"]
[TimeControl "40/5400+30:1800+30"]

1. Nf3 Nf6 2. c4 e6 3. g3 b6 4. Bg2 Bb7 5. d4 Be7 6. O-O O-O 7. b3 d6 8. Bb2 Nbd7 9. Nbd2 Ne4 10. Nxe4 Bxe4 11. d5 Bxf3 12. Bxf3 e5 13. e4 g6 14. Bg2 f5 15. exf5 gxf5 16. f4 e4 17. g4 Bf6 18. Bxf6 Qxf6 19. g5 Qg7 20. Qd2 Nc5 21. Rae1 Nd3 22. Re3 Qd4 23. h4 a5 24. a4 Rae8 25. Kh2 Rf7 26. Bh3 Kh8 27. Rfe1 Ref8 28. Bf1 Qg7 29. Bxd3 exd3 30. Qxd3 Qb2+ 31. R3e2 Qg7 32. Re6 Qb2+ 33. R1e2 Qc1 34. Qd4+ Kg8 35. g6 Rg7 36. Rg2 h5 37. Rge2 Qf1 38. Qf2 Qb1 39. Qg3 Qf1 40. Re1 1-0

[Event "EYCC 2017"]
[Site "Mamaia"]
[Date "2017.09.12"]
[Round "7"]
[White "Fiszer, Bartosz"]
[Black "Klimkowski, Jan"]
[Result "1/2-1/2"]
[ECO "B90"]
[WhiteElo "2009"]
[BlackElo "1761"]
[Annotator "NA RC"]
[PlyCount "78"]
[EventDate "2017.??.??"]
[EventType "swiss"]
[EventCountry "ROU"]
[SourceTitle "playchess.com"]
[Source "ChessBase"]
[SourceQuality "1"]
[TimeControl "40/5400+30:1800+30"]

1. e4 c5 2. Nf3 d6 3. d4 cxd4 4. Nxd4 Nf6 5. Nc3 a6 6. Nb3 g6 {[%emt 0:00:08] B90: Sicilian Najdorf: Unusual White 6th moves, 6 Be3 Ng4 and 6 Be3 e5} (6... e5 7. Bg5 Be7 8. Bxf6 Bxf6 9. Qd3 Be6 10. O-O-O Be7 11. Nd5 Bxd5 12. Qxd5 Qc7 13. Kb1 O-O 14. Na5 Nc6 15. Nc4 Rad8 {1-0 (50) Grischuk,A (2737)-Nepomniachtchi,I (2767) Doha 2016}) 7. Be2 Bg7 8. Be3 Nbd7 9. g4 $146 ({Find the theoretical novelty and annotate with similar games:} 9. a4 b6 10. f4 Bb7 11. Bf3 Rc8 12. Bd4 e5 13. Bf2 Qe7 14. Qd3 exf4 {0-1 (50) Hinrichs,L (1877)-Schroeder,C (2184) Hamburg 2012}) 9... h5 10. g5 Ng4 11. Bf4 Nge5 12. a4 Nb6 13. Bc1 a5 14. Nd5 Nxd5 15. Qxd5 Bd7 16. Qxb7 O-O 17. Bb5 $2 (17. Nd4 $17) 17... Rb8 18. Qa6 Ra8 $2 ({Lieber} 18... Bxb5 $19 19. axb5 Qc7) 19. Qb7 Bg4 20. f4 $17 Nf3+ 21. Kf1 Nd4 22. Nxd4 Bxd4 23. Qd5 e5 24. Qb3 Qc7 25. Qd3 d5 26. fxe5 Qxe5 27. c3 Bb6 28. Qxd5 Qxd5 29. exd5 Bf3 30. Rg1 Bxg1 31. Kxg1 Bxd5 32. c4 Be4 33. Bd2 Rfc8 34. Rc1 Bc6 35. Be3 Rab8 36. Bf4 Ra8 37. Be3 Rab8 38. Bf4 Ra8 39. Be3 Rab8 1/2-1/2

[Event "EYCC 2017"]
[Site "Mamaia"]
[Date "2017.09.12"]
[Round "7"]
[White "Weis, Olga"]
[Black "Janiashvili, Mariami"]
[Result "0-1"]
[ECO "A84"]
[WhiteElo "2005"]
[BlackElo "1875"]
[Annotator "NA RC"]
[PlyCount "52"]
[EventDate "2017.??.??"]
[EventType "swiss"]
[EventCountry "ROU"]
[SourceTitle "playchess.com"]
[Source "ChessBase"]
[SourceQuality "1"]
[TimeControl "40/5400+30:1800+30"]

1. d4 e6 2. c4 f5 3. Nc3 Nf6 4. a3 Be7 5. Bf4 d6 6. e3 O-O 7. Bd3 Nbd7 8. Bg3 Qe8 9. Nge2 Bd8 10. b4 Nh5 11. Qc2 Qf7 12. f4 Ndf6 13. O-O Ng4 14. Rf3 g6 15. h3 Nh6 16. e4 Bd7 17. d5 Bf6 18. Bh2 exd5 19. cxd5 Rae8 20. Re1 Ng7 21. Nd1 fxe4 22. Bxe4 Bf5 23. Bxf5 Nhxf5 24. Qd2 Nd4 25. Re3 Qxd5 26. Nec3 Nf3+ 0-1

[Event "EYCC 2017"]
[Site "Mamaia"]
[Date "2017.09.12"]
[Round "7"]
[White "Srdanovic, Jovana"]
[Black "Miroshnik, Ekaterina"]
[Result "1/2-1/2"]
[ECO "D00"]
[WhiteElo "1994"]
[BlackElo "2006"]
[Annotator "NA RC"]
[PlyCount "50"]
[EventDate "2017.??.??"]
[EventType "swiss"]
[EventCountry "ROU"]
[SourceTitle "playchess.com"]
[Source "ChessBase"]
[SourceQuality "1"]
[TimeControl "40/5400+30:1800+30"]

1. d4 d5 2. Bf4 Nf6 3. e3 e6 4. Nd2 c5 5. c3 Nc6 6. Ngf3 cxd4 7. exd4 Nh5 8. Be5 f6 9. Bg3 Nxg3 10. hxg3 g6 11. Bd3 Bg7 12. Nf1 e5 13. dxe5 fxe5 14. Bc2 Be6 15. Qe2 Qf6 16. Ne3 a6 17. Bb3 Rd8 18. Rd1 Ne7 19. O-O O-O 20. Rfe1 h5 21. a4 Kh8 22. Nd2 Nc6 23. Nf3 Ne7 24. Nd2 Nc6 25. Nf3 Ne7 1/2-1/2

[Event "EYCC 2017"]
[Site "Mamaia"]
[Date "2017.09.12"]
[Round "7"]
[White "Maurizzi, Marc Andria"]
[Black "Han, Yichen"]
[Result "1-0"]
[ECO "C45"]
[WhiteElo "1947"]
[BlackElo "1884"]
[Annotator "NA RC"]
[PlyCount "61"]
[EventDate "2017.??.??"]
[EventType "swiss"]
[EventCountry "ROU"]
[SourceTitle "playchess.com"]
[Source "ChessBase"]
[SourceQuality "1"]
[TimeControl "40/5400+30:1800+30"]

1. e4 e5 2. Nf3 Nc6 3. d4 exd4 4. Nxd4 Bc5 5. Nb3 Bb4+ 6. c3 Be7 7. f4 d6 8. Bd3 Nf6 9. O-O O-O 10. N1d2 d5 11. e5 Ne8 12. Nd4 f6 13. Nxc6 bxc6 14. Nf3 Bg4 15. h3 Bxf3 16. Rxf3 fxe5 17. fxe5 Rxf3 18. Qxf3 Bc5+ 19. Be3 Bxe3+ 20. Qxe3 Qe7 21. Rf1 g6 22. e6 Nd6 23. Re1 Nb7 24. Kh1 a5 25. Qg3 Nc5 26. Bc2 Re8 27. Bxg6 hxg6 28. Qxg6+ Qg7 29. Qxe8+ Kh7 30. Qh5+ Kg8 31. e7 1-0

[Event "EYCC 2017"]
[Site "Mamaia"]
[Date "2017.09.12"]
[Round "7"]
[White "Can, Isil"]
[Black "Dakic, Marta"]
[Result "1-0"]
[ECO "C41"]
[WhiteElo "1945"]
[BlackElo "1562"]
[Annotator "NA RC"]
[PlyCount "81"]
[EventDate "2017.??.??"]
[EventType "swiss"]
[EventCountry "ROU"]
[SourceTitle "playchess.com"]
[Source "ChessBase"]
[SourceQuality "1"]
[TimeControl "40/5400+30:1800+30"]

1. e4 e5 2. Nf3 d6 3. d4 exd4 4. Qxd4 Nc6 5. Bb5 Bd7 6. Bxc6 Bxc6 7. Nc3 Nf6 8. Bg5 Be7 9. O-O-O h6 {C62: Ruy Lopez: Steinitz Defence} (9... O-O 10. Rhe1 Re8 11. Qd2 Qd7 12. Nd4 h6 13. Bf4 Ng4 14. Nf5 Bf8 15. f3 Ne5 16. Qf2 b5 17. g4 b4 18. Ne2 a5 {0-1 (48) Sandipan,C (2579)-Bu,X (2714) Beijing 2008}) 10. Be3 O-O 11. h3 Re8 $146 ({Predecessor:} 11... Nd7 12. g4 Bf6 13. Qc4 Bxc3 14. bxc3 Qe7 15. Nd2 Qe6 16. Qxe6 fxe6 17. g5 {0-1 (42) Marguerettaz,D (2214)-Medancic,R (2223) Condino 2012}) 12. Nd2 Bf8 13. f3 g6 14. Nf1 Bg7 15. Qd2 Kh7 16. g4 Nd7 17. Ng3 Ne5 18. Qf2 Nc4 19. Bd4 Bxd4 20. Rxd4 Ne5 21. f4 Nd7 22. h4 Nc5 23. f5 (23. b4 $18 Ne6 24. Rd3) 23... Qe7 {[#]} (23... Qd7 $16) 24. g5 (24. b4 $1 $18) 24... h5 25. Rf1 Qf8 $2 (25... a5 $16) 26. Qe2 $2 (26. b4 $18) 26... Qe7 $2 {[#]} (26... Qg7 $16 27. f6 Qh8) 27. Nxh5 $1 Nd7 28. fxg6+ fxg6 29. Nf6+ Nxf6 30. gxf6 Qe5 31. Qc4 Rf8 32. Nd5 Rf7 33. Nb6 Raf8 34. Nd5 Bxd5 35. Rxd5 Qg3 36. h5 Qe3+ 37. Kb1 Kh6 38. hxg6 Kxg6 39. Rdf5 a6 40. e5 Qg3 41. Qe4 1-0

[Event "EYCC 2017"]
[Site "Mamaia"]
[Date "2017.09.12"]
[Round "7"]
[White "Wikar, Martyna"]
[Black "Zhurova, Anna"]
[Result "1-0"]
[ECO "A46"]
[WhiteElo "1943"]
[BlackElo "1864"]
[Annotator "NA RC"]
[PlyCount "87"]
[EventDate "2017.??.??"]
[EventType "swiss"]
[EventCountry "ROU"]
[SourceTitle "playchess.com"]
[Source "ChessBase"]
[SourceQuality "1"]
[TimeControl "40/5400+30:1800+30"]

1. d4 Nf6 2. Nf3 e6 3. Bf4 b6 4. e3 Bb7 5. Nbd2 Be7 6. Bd3 O-O 7. O-O d6 8. h3 Nbd7 9. c3 Re8 10. e4 Bf8 11. e5 dxe5 12. Nxe5 Nxe5 13. Bxe5 c5 14. Nf3 cxd4 15. Bb5 Nd7 16. Bxd4 a6 17. Ba4 b5 18. Bc2 Qc7 19. Ng5 g6 20. Qh5 Qh2+ 21. Kxh2 Bd6+ 22. Kg1 gxh5 23. Bxh7+ Kf8 24. Be4 Bxe4 25. Nxe4 Be5 26. Rad1 Bxd4 27. Rxd4 Ne5 28. Nf6 Red8 29. Rfd1 Ke7 30. Nxh5 Rg8 31. Ng3 f5 32. Kf1 Nc4 33. b3 Ne3+ 34. fxe3 Rxg3 35. Rd7+ Kf6 36. Kf2 Rag8 37. Rg1 f4 38. exf4 Rxc3 39. Rd2 Kf5 40. g3 Rh8 41. Kg2 Rg8 42. Kh2 Ke4 43. Re2+ Kf3 44. Rgg2 1-0

[Event "EYCC 2017"]
[Site "Mamaia"]
[Date "2017.09.12"]
[Round "7"]
[White "Sosa Suarez, Carla Cristina"]
[Black "Filippova, Darya"]
[Result "1-0"]
[ECO "B12"]
[WhiteElo "1930"]
[BlackElo "2046"]
[Annotator "NA RC"]
[PlyCount "91"]
[EventDate "2017.??.??"]
[EventType "swiss"]
[EventCountry "ROU"]
[SourceTitle "playchess.com"]
[Source "ChessBase"]
[SourceQuality "1"]
[TimeControl "40/5400+30:1800+30"]

1. e4 c6 2. d4 d5 3. e5 c5 4. dxc5 e6 5. a3 Bxc5 6. Bd3 Nc6 7. Nf3 Nge7 8. O-O Ng6 9. b4 Bb6 10. Bb2 O-O 11. Re1 Bd7 12. Nbd2 Rc8 13. c4 Nf4 14. Bf1 dxc4 15. Nxc4 Bc7 16. g3 Nd5 17. Bd3 h6 18. Qe2 g6 19. Bc1 Kg7 20. Bb2 Nce7 21. Nd6 Rb8 22. Rad1 a6 23. Nd2 Bc6 24. N2e4 Kh7 25. h4 Nf5 26. Nc4 b5 27. Ncd2 Bb6 28. Nb3 Qe7 29. Kh2 Rfd8 30. Nf6+ Nxf6 31. exf6 Qb7 32. Qf1 Bf3 33. Be2 Bd5 34. Nc1 h5 35. Nd3 Rbc8 36. Rc1 Nd4 37. Nf4 Bc4 38. Bxd4 Rxd4 39. Bxc4 Rdxc4 40. Rxc4 Rxc4 41. Qd3 Qc6 42. Rxe6 Qc8 43. Rxb6 Rc1 44. Rd6 Ra1 45. Rd7 Qa8 46. Qxg6+ 1-0

[Event "EYCC 2017"]
[Site "Mamaia"]
[Date "2017.09.12"]
[Round "7"]
[White "Lehaci, Miruna-Daria"]
[Black "Ciolacu, Alessia-Mihaela"]
[Result "1/2-1/2"]
[ECO "A07"]
[WhiteElo "1914"]
[BlackElo "1787"]
[Annotator "NA RC"]
[PlyCount "110"]
[EventDate "2017.??.??"]
[EventType "swiss"]
[EventCountry "ROU"]
[SourceTitle "playchess.com"]
[Source "ChessBase"]
[SourceQuality "1"]
[TimeControl "40/5400+30:1800+30"]

1. Nf3 d5 2. g3 Nf6 3. Bg2 c6 4. O-O Bg4 5. d4 Nbd7 6. Nbd2 e6 7. Re1 Be7 8. e4 dxe4 9. Nxe4 Nxe4 10. Rxe4 Nf6 11. Re1 O-O {[%emt 0:01:31] D02: 1 d4 d5 2 Nf3 sidelines, including 2...Nf6 3 g3 and 2...Nf6 3 Bf4} 12. h3 Bh5 13. g4 Bg6 14. Ne5 Nd5 $146 ({Predecessor:} 14... Nd7 15. Nxg6 hxg6 16. c4 Bd6 17. g5 Rc8 18. c5 Bb8 19. b4 {1-0 (54) Salem,A (2586)-Khader,S (2380) Amman 2014}) 15. c3 Bg5 16. Nxg6 hxg6 17. Bxg5 Qxg5 18. Re5 Qh4 19. Qf3 g5 20. Qg3 Nf4 21. Qxh4 gxh4 22. Bf1 f6 23. Re3 g5 24. Bc4 Kf7 25. Rae1 Rfe8 26. b4 Nd5 $15 27. Bxd5 exd5 28. b5 Rxe3 29. fxe3 cxb5 30. Rb1 a6 31. Kf2 Rc8 32. Rb3 Rc4 33. Kf3 Ke6 34. e4 b4 35. cxb4 Rxd4 36. exd5+ Kxd5 37. a3 Kc4 38. Re3 Rd3 39. Rxd3 Kxd3 40. a4 b5 41. axb5 axb5 42. Kf2 Kc4 43. Ke3 Kxb4 44. Ke4 Kc3 45. Kf5 b4 46. Kxf6 b3 47. Kxg5 b2 48. Kxh4 b1=Q 49. g5 Qg6 50. Kg4 Kd4 51. h4 Ke4 52. Kg3 Qh5 53. Kh3 Kf3 54. Kh2 Qxh4+ 55. Kg1 Qf2+ 1/2-1/2

[Event "EYCC 2017"]
[Site "Mamaia"]
[Date "2017.09.12"]
[Round "7"]
[White "Dwilewicz, Katarzyna"]
[Black "Asatryan, Sona"]
[Result "1/2-1/2"]
[ECO "B10"]
[WhiteElo "1884"]
[BlackElo "2043"]
[Annotator "NA RC"]
[PlyCount "146"]
[EventDate "2017.??.??"]
[EventType "swiss"]
[EventCountry "ROU"]
[SourceTitle "playchess.com"]
[Source "ChessBase"]
[SourceQuality "1"]
[TimeControl "40/5400+30:1800+30"]

1. e4 c6 2. c4 d5 3. exd5 cxd5 4. cxd5 Qxd5 5. Nc3 Qa5 6. d4 Nf6 7. Nf3 g6 8. Bc4 Bg7 9. O-O {[%emt 0:00:58] B10: Caro-Kann: 2 d3 and 2 c4} (9. Qb3 O-O 10. O-O e6 11. Bf4 Nc6 12. Rad1 Qf5 13. Bd6 Rd8 14. Bc7 Rd7 15. Bd3 Qh5 16. Bg3 b6 17. Qa4 Bb7 18. Be2 Qa5 19. Qxa5 Nxa5 20. Ne5 Rdd8 21. b4 Nc6 22. Bf3 Nd5 23. Nxd5 {½-½ (23) Margolin,B (2447)-Holzschuh,S (2327) Germany 2010}) 9... O-O 10. Qe2 Bg4 11. h3 Bxf3 12. Qxf3 Nc6 13. Rd1 Rfd8 $146 ({Predecessor:} 13... Rad8 14. Be3 Nh5 15. Bd5 Rd6 16. Bxc6 Rxc6 {1-0 (34) Klatt,P (2070)-Kirstein,D Dortmund 1998}) 14. Be3 Rac8 15. Rac1 Qb4 16. b3 Na5 17. Nd5 (17. a3 $5 Qxa3 18. Nb5 $14) 17... Nxd5 18. Bxd5 e6 19. Bd2 Qb5 20. Bxa5 Rxc1 21. Rxc1 Qxa5 22. Bxb7 Bxd4 23. a4 Qd2 24. Rf1 Bb6 25. Ba6 Rd5 26. Bc4 Rf5 27. Qe2 Qf4 28. Bd3 Rf6 $17 29. Be4 h5 30. Qf3 Qe5 31. Qd3 h4 32. b4 Bc7 33. g3 hxg3 34. fxg3 Rxf1+ 35. Kxf1 Qxg3 36. Qxg3 Bxg3 37. a5 a6 38. Bd3 Bd6 39. b5 axb5 40. Bxb5 f5 41. Ke2 Kg7 42. Kd3 Kf6 43. h4 Bc7 44. a6 Bb6 45. Be8 Ba7 46. Ke2 e5 47. Kf3 Bb6 48. Ba4 Bc5 49. Be8 Ba7 50. Bc6 e4+ 51. Kf4 Bb8+ 52. Ke3 Kg7 53. Be8 Kh6 54. Bf7 Kh5 55. Be8 Kxh4 56. Bxg6 Kg4 57. Kd4 Kg5 58. Be8 Ba7+ 59. Ke5 e3 60. Bb5 Bb8+ 61. Kd4 Kf4 62. Be2 Ba7+ 63. Kd5 Kg3 64. Ke5 f4 65. Ke4 Kf2 66. Bh5 Kg3 67. Bf3 Bb8 68. Bh5 Kh4 69. Be2 Kg3 70. Bh5 Kf2 71. a7 Bxa7 72. Kxf4 e2 73. Bxe2 Kxe2 1/2-1/2